 Dungeon Crawl Stone Soup version 0.18-a0-670-g393520a (webtiles) character file.

19651 Proton the Cleaver (level 13, -14/105 HPs)
             Began as a Formicid Fighter on Dec 6, 2015.
             Was a Priest of Ru.
             Engulfed by a cloud of flame (24 damage)
             ... on level 13 of the Dungeon.
             The game lasted 00:30:00 (14445 turns).

Proton the Cleaver (Formicid Fighter)              Turns: 14445, Time: 00:30:00

Health: -14/105    AC: 20    Str: 26    XL:     13   Next: 6%
Magic:  11/11      EV: 10    Int: 18    God:    Ru [***...]
Gold:   998        SH: 12    Dex: 10    Spells: 0 memorised, 12 levels left

rFire  . . .     SeeInvis +     z - +1 battleaxe
rCold  . . .     Clarity  .     s - +5 plate armour
rNeg   . . .     SustAt   .     c - +0 shield
rPois  .         Gourm    .     (helmet unavailable)
rElec  .         Spirit   .     o - +0 cloak (curse)
rCorr  .         Dismiss  .     j - +2 pair of gloves
rMut   .         Stasis   +     (no boots)
MR     ++...                    B - amulet of faith
Stlth  ..........               f - +6 ring of intelligence
                                v - ring "Kigeos" {MR+ Int+2}

@: exhausted, drained, very resistant to hostile enchantments, extremely
unstealthy
A: permanent stasis, dig shafts and tunnels, four strong arms, antennae 3,
hooves 1, rugged brown scales 1, blurry vision 1, deformed body, low mp 1,
strong 1, inability to use devices
a: Dig, Shaft Self, Draw Out Power, Renounce Religion


You were on level 13 of the Dungeon.
You worshipped Ru.
Ru was most pleased with you.
You were not hungry.

You visited 2 branches of the dungeon, and saw 14 of its levels.

You collected 998 gold pieces.

Inventory:

Hand Weapons
 z - a +1 battleaxe (weapon)
 A - a +2 hand axe of flaming
Armour
 b - a +1 chain mail of fire resistance
 c - a +0 shield (worn)
 j - a +2 pair of gloves (worn)
 o - a cursed +0 cloak (worn)
 s - a +5 plate armour (worn)
 y - the +1 chain mail of Gallantry {MR+ Dex-4 Slay+5}
   (You found it on level 6 of the Dungeon)

   It affects your dexterity (-4).
   It affects your accuracy and damage with ranged weapons and melee attacks
   (+5).
   It affects your resistance to hostile enchantments.
Jewellery
 f - a +6 ring of intelligence (right hand)
 v - the ring "Kigeos" (left hand) {MR+ Int+2}
   (You found it on level 13 of the Dungeon)

   [ring of intelligence]

   It affects your intelligence (+2).
   It affects your resistance to hostile enchantments.
 B - an amulet of faith (around neck)
 H - an uncursed amulet of regeneration {unknown}
Scrolls
 k - 4 scrolls of remove curse
 q - 2 scrolls of amnesia
 r - a scroll of enchant weapon
 w - a scroll of immolation
 D - a scroll of fear
Potions
 a - 3 potions of cure mutation
 d - 2 potions of might
 h - 6 potions of heal wounds
 i - 3 potions of lignification
 l - 3 potions of flight
 m - 2 potions of agility
 n - 3 potions of ambrosia
 p - 5 potions of brilliance
 t - a potion of invisibility
 u - a potion of haste {unknown}
 C - a potion of cancellation
 F - 4 potions of curing
Comestibles
 e - 6 bread rations
 g - 3 meat rations
 x - 16 fruits
 G - 3 slices of pizza


   Skills:
 + Level 9.7(9.6) Fighting
 * Level 12.0 Axes
 + Level 10.0 Armour
 + Level 7.7 Dodging
 + Level 10.8 Shields


You had 12 spell levels left.
You didn't know any spells.

Dungeon Overview and Level Annotations

Branches:
Dungeon (13/15)            Temple (1/1) D:6            Lair (0/8) D:10
    Orc (0/4) D:10
 Vaults: D:13-14

Altars:
Ashenzari
Cheibriados
Dithmenos
Elyvilon
Fedhas
Gozag
Kikubaaqudgha
Makhleb
Nemelex Xobeh
Okawaru
Pakellas
Ru
Sif Muna
Trog
Vehumet
Xom
Yredelemnul
Zin
The Shining One
Beogh

Shops:
D:9 (


Innate Abilities, Weirdness & Mutations

You are under a permanent stasis effect.
You can dig through walls and to a lower floor.
Your four strong arms can wield two-handed weapons with a shield.
You have a pair of large antennae on your head (SInv).
Your magical capacity is low (-10% MP).
You cannot study or use magical devices.
You have large cloven feet.
You are partially covered in rugged brown scales (AC +1, +3% HP).
Scrolls take you a little longer to read.
Armour fits poorly on your strangely shaped body.
Your muscles are strong. (Str +2)


Message History

* * * LOW HITPOINT WARNING * * *
You block the fire crab's attack. x2
You are restored by drawing out deep reserves of power within.
You feel drained.
You are engulfed in roaring flames.
The fire crab barely misses you. The fire crab closely misses you.
You slash the fire crab!
You kick the fire crab, but do no damage.
The fire crab is almost dead.
You are engulfed in roaring flames.
* * * LOW HITPOINT WARNING * * *
The fire crab barely misses you. You block the fire crab's attack.
You barely miss the fire crab.
You kick the fire crab, but do no damage.
The fire crab is almost dead.
The fire crab breathes flames at you. The blast of flame engulfs you!
You hit the fire crab.
You kill the fire crab!
You are engulfed in roaring flames.
You die...

#.†...### #.......#
#.......# #.......#
#.......# . .
#.......# ....
#.......#
.....########.......#
.....§§@§...........#
......§§§...........#
.......?§(..........#
....................#
.....################
..... .... ....


There were no monsters in sight!

Vanquished Creatures
  2 hydras (D:11)
  A tengu warrior (D:12)
  A fire crab (shapeshifter) (D:13)
  2 unseen horrors (D:11)
  4 hill giants
  An ugly thing (D:13)
  A manticore (D:13)
  A gargoyle (D:13)
  3 trolls
  5 slime creatures
  A two-headed ogre (D:10)
  A trapdoor spider (D:10)
  15 yaks
  4 hippogriffs
  A human (D:10)
  A deep elf mage (D:13)
  A basilisk (D:13)
  A mottled dragon (D:11)
  2 orc warriors
  5 porcupines (D:10)
  9 ogres
  6 black bears
  7 ice beasts
  4 phantoms
  4 sky beasts
  5 centaurs
  2 necrophages
  3 big kobolds
  A crocodile (D:10)
  3 giant frogs
  5 scorpions
  19 killer bees
  9 wights (D:6)
  5 crimson imps
  A quasit (D:8)
  3 centaur zombies
  2 jellies
  5 orc priests
  4 centaur skeletons
  4 hounds
  13 orc wizards
  3 iguanas
  9 worker ants
  10 sheep (D:10)
  A hound skeleton (D:4)
  A hound zombie (D:6)
  3 gnolls (D:6)
  4 river rats (D:10)
  15 adders
  3 worker ant zombies (D:5)
  5 shadow imps
  An ooze (D:3)
  3 worms
  9 giant geckos
  60 orcs
  2 ball pythons
  8 bats
  3 giant cockroaches (D:1)
  5 hobgoblins
  14 jackals
  11 kobolds
  14 quokkas
  A giant cockroach zombie (D:5)
  A giant gecko zombie (D:8)
  10 giant newts
  4 goblins
  2 jackal skeletons
  A jackal zombie (D:5)
  9 rats
  11 plants (D:10)
390 creatures vanquished.

Vanquished Creatures (others)
  A cyclops (D:13)
  A sky beast (D:13)
  An ogre (D:10)
  2 fungi (D:10)
  2 plants (D:10)
7 creatures vanquished.

Grand Total: 397 creatures vanquished

Notes
Turn   | Place    | Note
--------------------------------------------------------------
     0 | D:1      | Proton the Formicid Fighter began the quest for the Orb.
     0 | D:1      | Reached XP level 1. HP: 18/18 MP: 1/1
   169 | D:1      | Reached XP level 2. HP: 17/24 MP: 2/2
   519 | D:1      | Reached XP level 3. HP: 29/29 MP: 3/3
  1019 | D:2      | Reached XP level 4. HP: 31/36 MP: 4/4
  1534 | D:3      | Reached skill level 4 in Armour
  1544 | D:3      | Reached skill level 1 in Dodging
  1714 | D:3      | Reached XP level 5. HP: 42/42 MP: 5/5
  2317 | D:4      | Reached XP level 6. HP: 48/48 MP: 6/6
  2743 | D:4      | You fall through a shaft!
  2743 | D:5      | Entered Level 5 of the Dungeon
  2771 | D:5      | Reached XP level 7. HP: 22/55 MP: 7/7
  2999 | D:5      | Reached skill level 5 in Shields
  3666 | D:5      | Reached skill level 5 in Axes
  3821 | D:5      | Reached XP level 8. HP: 61/61 MP: 8/8
  3855 | D:5      | Reached skill level 5 in Armour
  4272 | D:4      | You fall through a shaft!
  4735 | D:5      | Found a blossoming altar of Fedhas.
  5013 | D:6      | Reached skill level 5 in Fighting
  5019 | D:6      | Got a smoking chain mail
  5030 | D:6      | Identified the +1 chain mail of Gallantry {MR+ Dex-4 Slay+5} (You found it on level 6 of the Dungeon)
  5232 | D:6      | Reached skill level 6 in Axes
  5637 | D:6      | Reached XP level 9. HP: 57/68 MP: 9/9
  5824 | D:6      | Reached skill level 7 in Axes
  6195 | D:7      | You fall through a shaft for 2 floors!
  6265 | D:9      | Found Odghutz's Antique Weapon Shop.
  6965 | D:7      | Found a shattered altar of Ashenzari.
  7019 | D:7      | Found an opulent altar of Gozag.
  7151 | D:7      | Reached XP level 10. HP: 61/77 MP: 10/10
  7154 | D:7      | Reached skill level 8 in Axes
  7517 | D:7      | Reached skill level 5 in Dodging
  7552 | D:7      | Found a burning altar of Makhleb.
  7556 | D:7      | Found a sparkling altar of Nemelex Xobeh.
  7726 | D:6      | Found a staircase to the Ecumenical Temple.
  7734 | Temple   | Entered the Ecumenical Temple
  7799 | Temple   | Became a worshipper of Ru the Awakened
  7878 | D:8      | Found an iron altar of Okawaru.
  8797 | D:9      | Gained mutation: You cannot study or use magical devices. [Ru sacrifice]
  8797 | D:9      | Reached * piety under Ru
  8797 | D:9      | Reached ** piety under Ru
  8797 | D:9      | Reached *** piety under Ru
  9270 | D:9      | Reached skill level 9 in Axes
  9437 | D:10     | Entered Level 10 of the Dungeon
  9454 | D:10     | Reached XP level 11. HP: 84/84 MP: 11/11
  9464 | D:10     | Gained mutation: Scrolls take you a little longer to read. [mutagenic meat]
  9465 | D:10     | Gained mutation: Your mind is acute. (Int +2) [mutagenic meat]
  9466 | D:10     | Gained mutation: Your muscles are strong. (Str +2) [mutagenic meat]
  9467 | D:10     | Gained mutation: Armour fits poorly on your strangely shaped body. [mutagenic meat]
  9835 | D:10     | Noticed a hill giant
  9853 | D:10     | Killed a hill giant
 10231 | D:10     | Noticed a hill giant
 10236 | D:10     | Killed a hill giant
 10236 | D:10     | Reached skill level 10 in Axes
 10362 | D:10     | Found a staircase to the Lair.
 10495 | D:10     | You fall through a shaft!
 10656 | D:11     | Noticed an unseen horror
 10673 | D:11     | Killed an unseen horror
 10856 | D:10     | Found a roughly hewn altar of Beogh.
 11031 | D:10     | Found a staircase to the Orcish Mines.
 11834 | D:11     | Gained mutation: Your magical capacity is low (-10% MP). [Ru sacrifice]
 12148 | D:11     | Noticed a hill giant
 12289 | D:12     | Reached XP level 12. HP: 94/94 MP: 10/10
 12528 | D:12     | Found a labyrinth entrance.
 12706 | D:12     | Noticed a tengu warrior
 12729 | D:12     | Killed a tengu warrior
 12907 | D:12     | Noticed a six-headed hydra
 12912 | D:11     | Reached skill level 10 in Shields
 12966 | D:11     | Reached skill level 11 in Axes
 13279 | D:11     | Noticed an eight-headed hydra
 13360 | D:11     | Killed a one-headed hydra
 13585 | D:11     | Noticed a seven-headed hydra
 13602 | D:11     | Killed a one-headed hydra
 13816 | D:13     | Got a warped pewter ring
 13817 | D:13     | Identified the ring "Kigeos" {MR+ Int+2} (You found it on level 13 of the Dungeon)
 14317 | D:13     | Gained mutation: You have large cloven feet. [mutagenic meat]
 14340 | D:13     | Gained mutation: You are partially covered in rugged brown scales (AC +1, +3% HP). [mutagenic meat]
 14341 | D:13     | Lost mutation: Your mind is acute. (Int +2) [mutagenic meat]
 14413 | D:13     | Reached skill level 10 in Armour
 14433 | D:13     | Noticed a fire crab
 14433 | D:13     | a shapeshifter changed into a fire crab
 14438 | D:13     | Reached skill level 12 in Axes
 14438 | D:13     | Reached XP level 13. HP: 100/104 MP: 11/11
 14445 | D:13     | Engulfed by a cloud of flame

Vault maps used:
D:1:      saegor_arrival_simple_f, minmay_misc_feat_nine_boxes
D:4:      lemuel_coloured_pillars_altar
D:5:      first_bread, grunt_ministairs_10, fedhas_altar_2
D:6:      minmay_temple_entry_from_below_a, grunt_ministairs_6
D:7:      lemuel_crystal_altar, nicolae_overflow_crystal_walls,
          grunt_temple_overflow_open
D:8:      kennysheep_okawaru_gauntlet
D:9:      serial_shops, shop, dk_vineyard_2
D:10:     wad_woods_structure_01, minmay_lair_entry_grove, david_orc_5,
          grunt_livestock
D:11:     portal_ice_cave_entry_pillars_02, serial_park_tiny_1,
          kennysheep_generic_room_8
D:12:     lab_entry_generic, minivault_11
D:13:     david_vaults_4, uniq_maud
Temple:   circular_temple_13

Action                   |  1- 3 |  4- 6 |  7- 9 | 10-12 | 13-15 || total
-------------------------+-------+-------+-------+-------+-------++-------
Melee: War axe           |   141 |   212 |   294 |       |       ||   647
       Battleaxe         |       |       |   121 |   809 |     6 ||   936
       Hand axe          |       |       |    20 |    27 |       ||    47
Invok: Sacrifice Artific |       |       |       |     1 |       ||     1
       Draw Out Power    |       |       |       |     2 |     1 ||     3
       Sacrifice Essence |       |       |       |     1 |       ||     1
 Abil: Dig               |       |     1 |     5 |     4 |       ||    10
       Shaft Self        |       |     1 |     2 |     1 |       ||     4
  Use: Scroll            |       |       |     8 |    15 |       ||    23
       Potion            |       |       |       |     1 |       ||     1
 Stab: Invisible         |       |       |       |     7 |     1 ||     8
       Distracted        |       |       |       |     1 |       ||     1
  Eat: Bread ration      |     1 |       |     1 |     1 |       ||     3
       Beef jerky        |       |     1 |       |     5 |       ||     6
       Meat ration       |       |     1 |     2 |     1 |       ||     4
       Chunk             |       |       |       |     8 |       ||     8
       Pizza             |       |       |       |     5 |       ||     5
